 Dungeon Sprint DCSS version 0.28-a0-863-g8cecda6153 (webtiles) character file.

Game seed: 13566024460881342482

12466 kae the Brawler (level 11, -4/111 HPs)
             Began as a Purple Draconian Transmuter on Nov 18, 2021.
             Was a Believer of Ru.
             Slain by a 12-headed hydra (6 damage)
             ... while paralysed by a floating eye
             ... in the Dungeon (Sprint I: "Red Sonja").
             The game lasted 00:06:04 (3898 turns).

kae the Brawler (Purple Draconian Transmuter)       Turns: 3898, Time: 00:06:05

Health: -4/111     AC: 14    Str: 11      XL:     11   Next: 62%
Magic:  26/26      EV:  1    Int: 13 (14) God:    Ru [**....]
Gold:   285        SH:  0    Dex: 10      Spells: 25/33 levels left

rFire   x . .      SeeInvis .     - Unarmed
rCold   + + +      Faith    .   (shield currently unavailable)
rNeg    . . .      Spirit   .   (armour unavailable)
rPois   +          Reflect  .   (helmet currently unavailable)
rElec   .          Harm     .   (cloak currently unavailable)
rCorr   .          Rampage  .   (gloves currently unavailable)
Will    +....      NoTele   +   (boots currently unavailable)
Stlth   +.........              (no amulet)
HPRegen 0.28/turn               g - ring of the Hare {EV+8}
MPRegen 0.20/turn               h - +4 ring of protection

@: paralysed, ice-form, unable to read
A: freezing attack, amphibious, boosted hp, (breathe power), AC +7, large,
unfitting armour, (cold-blooded), no fire magic, no hexes magic, no summoning
magic, disrupted magic 1, clumsy 1, deterioration 2, dopey 1, frail 1, screaming
1, weak 1, inability to read while threatened, devolution 1
a: End Transformation, Renounce Religion, Sacrifice Experience, Sacrifice
Stealth, Sacrifice Skill, Reject Sacrifices


You were in the Dungeon.
You worshipped Ru.
Ru was pleased with you.
You were a creature of crystalline ice.
You visited 1 branch You collected 2428 gold pieces.
You spent 2143 gold pieces at shops.

Inventory:

Jewellery
 g - the ring of the Hare (left front paw) {EV+8}
   (You bought it in a shop in the Dungeon)

   [ring of evasion]

   EV:        It affects your evasion (+8).
 h - a +4 ring of protection (right front paw)
Scrolls
 e - 3 scrolls of identify
Potions
 a - 2 potions of curing
 b - a potion of heal wounds
 c - a potion of degeneration
 d - 2 potions of magic
Miscellaneous
 f - a tin of tremorstones (2/2)


   Skills:
 + Level 11.7 Fighting
 + Level 10.0 Dodging
 * Level 15.3 Unarmed Combat
 + Level 11.8 Spellcasting
 * Level 15.2 Transmutations
 + Level 10.1 Ice Magic
 - Level 1.0 Poison Magic


You had 25 spell levels left.
You knew the following spells:

 Your Spells              Type           Power      Damage    Failure   Level
a - Beastly Appendage     Tmut           94%        N/A       1%          1
b - Spider Form           Tmut/Pois      28%        N/A       2%          3
c - Ice Form              Ice/Tmut       40%        N/A       1%          4

Your spell library contained the following spells:

 Spells                   Type           Power      Damage    Failure   Level
 Wereblood                Tmut           47%        N/A       1%          2


Dungeon Overview and Level Annotations

Branches:
Dungeon (1/1)

Altars:
Cheibriados
Dithmenos
Elyvilon
Fedhas
Gozag
Hepliaklqana
Kikubaaqudgha
Makhleb
Nemelex Xobeh
Okawaru
Qazlal
Ru
Sif Muna
Trog
Uskayaw
Vehumet
Wu Jian
Xom
Yredelemnul
Zin
The Shining One
Jiyva
Lugonu

Shops:
D *=[(=!!?(*:([???:[[[?

Annotations:
D exclusion: door


Innate Abilities, Weirdness & Mutations

You are a creature of crystalline ice.
You have a powerful freezing melee attack.
You are amphibious.
Your maximum health is increased.
Your armour is entirely melded.
You are incapable of wielding weapons or throwing items.
((You can breathe bolts of dispelling energy.))
((Your rich purple scales are hard. (AC +7)))
You cannot fit into any form of body armour.
((You are cold-blooded and may be slowed by cold attacks.))
You cannot study or cast Fire magic.
You cannot study or cast Hexes magic.
You cannot study or cast Summoning magic.
Your casting is slightly disrupted.
You are clumsy. (Dex -2)
Your body often deteriorates upon taking damage.
You are dopey. (Int -2)
You are frail. (-10% HP)
You occasionally shout uncontrollably at your foes.
You are weak. (Str -2)
You sometimes lose the ability to read scrolls when taking damage.
You have hidden genetic defects.


Message History

You hit the 12-headed hydra.
The 12-headed hydra seems to slow down.
You freeze the 12-headed hydra.
The 12-headed hydra is heavily wounded.
The 12-headed hydra barely misses you. x2
The 12-headed hydra closely misses you.
The 12-headed hydra bites you but does no damage.
The 12-headed hydra closely misses you. The 12-headed hydra bites you.
The 12-headed hydra completely misses you.
The 12-headed hydra bites you but does no damage.
The 12-headed hydra barely misses you. The 12-headed hydra closely misses you.
The 12-headed hydra bites you. x2
The floating eye gazes piercingly through you!
You suddenly lose the ability to move!
The floating eye's view fixates on you. The 12-headed hydra bites you.
The 12-headed hydra bites you!
You feel threatened and lose the ability to read scrolls!
Your body deteriorates!
You feel dopey.
The 12-headed hydra bites you but does no damage. x2
The 12-headed hydra bites you.
The 12-headed hydra bites you but does no damage.
The 12-headed hydra bites you. The 12-headed hydra bites you!
The 12-headed hydra completely misses you.
The 12-headed hydra bites you.
The 12-headed hydra bites you but does no damage.
The 12-headed hydra bites you.
The 12-headed hydra bites you but does no damage. x2
The 12-headed hydra bites you! x2
* * * LOW HITPOINT WARNING * * *
The 12-headed hydra bites you!
* * * LOW HITPOINT WARNING * * *
The 12-headed hydra bites you.
* * * LOW HITPOINT WARNING * * *
The 12-headed hydra bites you but does no damage.
The 12-headed hydra bites you.
* * * LOW HITPOINT WARNING * * *
The 12-headed hydra bites you!
* * * LOW HITPOINT WARNING * * *
The 12-headed hydra bites you but does no damage.
The 12-headed hydra bites you.
You die...

#####################
..#).#§§§§††§§§§YDG$#
..##'#.####§§.§§##$.+
..'§.#.# ##§.§## ##
###§§'.# ###+#
.##'#### #§# .#..
#..###$# §#..
##.#A#$# §### .###$#
.§§# ##..$#


You could see a 12-headed hydra (slow) and a floating eye (charged).

Vanquished Creatures
  2 centaur warriors (D)
  A deep troll (D)
  A lindwurm (D)
  An oklob plant (D)
  8 shining eyes (D)
  2 kobold demonologists (D)
  2 unseen horrors (D)
  4 demonic crawlers (D)
  A hornet (D)
  A slime creature (D)
  Sigmund (D)
  A yak (D)
  2 redbacks (D)
  13 hogs (D)
  6 floating eyes (D)
  7 necrophages (D)
  An ogre (D)
  8 jellies (D)
  Ijyb (D)
63 creatures vanquished.

Vanquished Creatures (others)
  Sonja (D)
  A gargoyle (D)
  2 ballistomycete spores (D)
4 creatures vanquished.

Grand Total: 67 creatures vanquished

Notes
Turn   | Place    | Note
-------+----------+-------------------------------------------
     0 | D        | kae the Draconian Transmuter began the quest for the Orb.
     0 | D        | Reached XP level 1. HP: 16/16 MP: 3/3
     4 | D        | Noticed Ijyb
    19 | D        | Killed Ijyb
    20 | D        | Reached XP level 2. HP: 5/25 MP: 3/5
   273 | D        | Noticed an ogre
   276 | D        | Killed an ogre
   277 | D        | Reached skill level 5 in Unarmed Combat
   277 | D        | Reached skill level 5 in Transmutations
   277 | D        | Reached XP level 3. HP: 33/33 MP: 5/8
   277 | D        | Reached XP level 4. HP: 40/40 MP: 5/9
   304 | D        | Learned a level 3 spell: Spider Form
   309 | D        | Learned a level 4 spell: Ice Form
   310 | D        | Noticed Sigmund
   318 | D        | Killed Sigmund
   319 | D        | Reached skill level 1 in Poison Magic
   319 | D        | Reached XP level 5. HP: 42/47 MP: 7/11
   319 | D        | Reached XP level 6. HP: 49/55 MP: 7/12
   377 | D        | Found a burning altar of Makhleb.
   377 | D        | Found a viscous altar of Jiyva.
   377 | D        | Found a shimmering altar of Xom.
   377 | D        | Found a corrupted altar of Lugonu.
   377 | D        | Noticed a slime creature
   388 | D        | Killed a slime creature
   389 | D        | Reached skill level 5 in Fighting
   389 | D        | Reached skill level 5 in Dodging
   389 | D        | Reached skill level 5 in Spellcasting
   482 | D        | Found an ornate altar of the Wu Jian Council.
   482 | D        | Found a shimmering blue altar of Sif Muna.
   486 | D        | Found a radiant altar of Vehumet.
   494 | D        | Found Vang's Antique Weapon Emporium.
   494 | D        | Found an ancient bone altar of Kikubaaqudgha.
   494 | D        | Found a hazy altar of Hepliaklqana.
   494 | D        | Found a stormy altar of Qazlal.
   494 | D        | Found a hide-covered altar of Uskayaw.
   494 | D        | Found a blossoming altar of Fedhas.
   494 | D        | Found a bloodstained altar of Trog.
   494 | D        | Found an iron altar of Okawaru.
   494 | D        | Found a basalt altar of Yredelemnul.
   494 | D        | Found a glowing golden altar of the Shining One.
   494 | D        | Found a snail-covered altar of Cheibriados.
   494 | D        | Found a sacrificial altar of Ru.
   494 | D        | Found a glowing silver altar of Zin.
   494 | D        | Found a shadowy altar of Dithmenos.
   494 | D        | Found a white marble altar of Elyvilon.
   494 | D        | Noticed a yak
   499 | D        | Killed a yak
   500 | D        | Your scales start taking on a rich purple colour.
   500 | D        | Reached XP level 7. HP: 63/63 MP: 8/16
   500 | D        | Found an opulent altar of Gozag.
   501 | D        | Found a sparkling altar of Nemelex Xobeh.
   508 | D        | Became a worshipper of Ru the Awakened
   588 | D        | Noticed a kobold demonologist
   590 | D        | Noticed a kobold demonologist
   595 | D        | Paralysed by a floating eye for 3 turns
   597 | D        | Noticed a hellwing
   600 | D        | Killed a kobold demonologist
   604 | D        | Reached skill level 5 in Ice Magic
   607 | D        | Noticed a rust devil
   608 | D        | Noticed a soul eater
   611 | D        | Killed a kobold demonologist
   612 | D        | Reached XP level 8. HP: 73/73 MP: 15/19
   656 | D        | Noticed a demonic crawler
   656 | D        | Noticed a demonic crawler
   656 | D        | Noticed a demonic crawler
   656 | D        | Noticed a demonic crawler
   661 | D        | Killed a demonic crawler
   662 | D        | Reached skill level 10 in Unarmed Combat
   662 | D        | Reached skill level 10 in Transmutations
  1069 | D        | Noticed Sonja
  1089 | D        | Noticed a centaur warrior
  1144 | D        | Killed a centaur warrior
  1145 | D        | Reached XP level 9. HP: 59/81 MP: 19/21
  1151 | D        | Noticed a centaur warrior
  1161 | D        | Killed a centaur warrior
  1467 | D        | Noticed an oklob plant
  1475 | D        | Killed an oklob plant
  1720 | D        | Gained mutation: You cannot study or cast Fire magic. [Ru
                  | sacrifice]
  1720 | D        | Gained mutation: You cannot study or cast Hexes magic. [Ru
                  | sacrifice]
  1720 | D        | Gained mutation: You cannot study or cast Summoning magic.
                  | [Ru sacrifice]
  1720 | D        | Reached * piety under Ru
  1734 | D        | Reached XP level 10. HP: 80/91 MP: 23/23
  2142 | D        | Reached skill level 10 in Spellcasting
  2245 | D        | Killed Sonja
  2508 | D        | Found Xuceg's General Store.
  2516 | D        | Gained mutation: Your casting is slightly disrupted. [Ru
                  | sacrifice]
  2516 | D        | Reached ** piety under Ru
  2531 | D        | Noticed a deep troll
  2535 | D        | Killed a deep troll
  2536 | D        | Reached skill level 10 in Fighting
  2545 | D        | Found Yhean's Armour Emporium.
  2637 | D        | Found Daigg's Magic Scroll Shoppe.
  2637 | D        | Found Ecauso's Distillery.
  2637 | D        | Found Tischutia's Antique Weapon Boutique.
  2639 | D        | Found Modd's General Store.
  2639 | D        | Found Nicw's Book Shop.
  2639 | D        | Found Ygyifagge's Antique Weapon Shoppe.
  2639 | D        | Found Nac Taog's Antique Armour Boutique.
  2639 | D        | Found Laekat's Magic Scroll Emporium.
  2639 | D        | Found Cecryokh's Magic Scroll Shop.
  2639 | D        | Found Nieq's Magic Scroll Shoppe.
  2643 | D        | Found Igihaed's Book Boutique.
  2644 | D        | Found Roklicegos's Armour Emporium.
  2644 | D        | Found Diraaggie's Antique Armour Boutique.
  2645 | D        | Found Juxurerch's Magic Scroll Emporium.
  2977 | D        | Killed a gargoyle
  3327 | D        | Noticed a shining eye
  3327 | D        | Noticed a shining eye
  3327 | D        | Noticed a shining eye
  3331 | D        | Paralysed by a floating eye for 2 turns
  3335 | D        | Paralysed by a floating eye for 4 turns
  3358 | D        | Gained mutation: Your body sometimes deteriorates upon
                  | taking damage. [a shining eye]
  3365 | D        | Noticed a shining eye
  3369 | D        | Gained mutation: You are dopey. (Int -2) [a shining eye]
  3372 | D        | Killed a shining eye
  3376 | D        | Killed a shining eye
  3376 | D        | Gained mutation: You are frail. (-10% HP) [a shining eye]
  3377 | D        | Reached XP level 11. HP: 90/90 MP: 21/25
  3380 | D        | Killed a shining eye
  3387 | D        | Killed a shining eye
  3388 | D        | Noticed a shining eye
  3388 | D        | Noticed a shining eye
  3389 | D        | Noticed a shining eye
  3389 | D        | Noticed a shining eye
  3390 | D        | Gained mutation: You sometimes lose the ability to read
                  | scrolls when taking damage. [a shining eye]
  3391 | D        | Gained mutation: You are weak. (Str -2) [a shining eye]
  3392 | D        | Gained mutation: You have hidden genetic defects. [a
                  | shining eye]
  3393 | D        | Killed a shining eye
  3395 | D        | Paralysed by a floating eye for 4 turns
  3400 | D        | Killed a shining eye
  3401 | D        | Gained mutation: Your body often deteriorates upon taking
                  | damage. [a shining eye]
  3403 | D        | Killed a shining eye
  3403 | D        | Gained mutation: You occasionally shout uncontrollably at
                  | your foes. [a shining eye]
  3406 | D        | Killed a shining eye
  3406 | D        | Paralysed by a floating eye for 3 turns
  3472 | D        | Found Buaromoy's Jewellery Shop.
  3472 | D        | Found Qoenaet's Jewellery Shoppe.
  3472 | D        | Found Fuyffi's Distillery.
  3472 | D        | Found Ifriaplia's Armour Emporium.
  3486 | D        | Bought a potion of degeneration for 11 gold pieces
  3488 | D        | Bought the ring of the Hare {EV+8} for 1664 gold pieces
  3488 | D        | Found the ring of the Hare {EV+8}
  3488 | D        | Bought a +4 ring of protection for 468 gold pieces
  3540 | D        | Noticed a lindwurm
  3551 | D        | Killed a lindwurm
  3568 | D        | Gained mutation: You are clumsy. (Dex -2) [hidden defects]
  3787 | D        | Reached skill level 15 in Unarmed Combat
  3787 | D        | Reached skill level 15 in Transmutations
  3795 | D        | Reached skill level 10 in Ice Magic
  3812 | D        | Reached skill level 10 in Dodging
  3873 | D        | Noticed a daeva
  3892 | D        | Noticed a 12-headed hydra
  3895 | D        | Paralysed by a floating eye for 3 turns
  3898 | D        | HP: 2/111 [12-headed hydra (8)]
  3898 | D        | Slain by a 12-headed hydra

Illustrated notes

Levels and vault maps discovered:
D:        dungeon_sprint_1 [red_sonja_temple_1, red_sonja_temple_small_1]

Skill      XL: |  1  2  3  4  5  6  7  8  9 10 11 |
---------------+----------------------------------+-----
Fighting       | 2 3 4 6 7 8 9 10 11 | 11.7
Dodging        | 2 3 4 5 6 7 9 10 | 10.0
Unarmed Combat | 4 5 7 8 9 10 12 14 15 | 15.3
Transmutations | 3 5 6 8 9 10 12 14 15 | 15.2
Spellcasting   | 3 4 6 7 8 9 10 11 | 11.8
Ice Magic      | 2 4 5 6 7 9 10 | 10.1
Poison Magic   | 1 |  1.0

Action                   |  1- 3 |  4- 6 |  7- 9 | 10-12 || total
-------------------------+-------+-------+-------+-------++-------
Melee: Unarmed           |    16 |    21 |    64 |   128 ||   229
       Kick              |     8 |       |       |       ||     8
       Tailslap          |     2 |       |       |       ||     2
       Headbutt          |     2 |       |       |       ||     2
 Cast: Beastly Appendage |     2 |       |       |       ||     2
       Spider Form       |       |     1 |       |       ||     1
       Ice Form          |       |     3 |     6 |    14 ||    23
Invok: Sacrifice Arcana  |       |       |     1 |       ||     1
       Sacrifice Essence |       |       |       |     1 ||     1
Evoke: Tin of tremorston |       |       |       |     2 ||     2
  Use: Potion            |     2 |       |       |     1 ||     3
       Scroll            |       |       |     1 |     3 ||     4
Armor: Skin              |     1 |     2 |    16 |    65 ||    84
Dodge: Dodged            |     2 |     9 |    39 |    78 ||   128

Table legend: (Time is in decaauts)
 A = Elapsed time spent in this place.
 B = Non-inter-level travel time spent in this place.
 C = Inter-level travel time spent in this place.
 D = Time resting spent in this place.
 E = Time spent auto-exploring this place.
 F = Levels seen in this place.
 G = Mean time per level.
                   A        B        C        D        E       F      G
               +--------+--------+--------+--------+--------+-----+--------+
         Total |   3862 |   3826 |     36 |   2371 |    639 |   1 | 3862.0 |
       Dungeon |   3862 |   3826 |     36 |   2371 |    639 |   1 | 3862.0 |
               +--------+--------+--------+--------+--------+-----+--------+

Top non-repeatable levels by time:
       D: 3862 daAuts
